AoeStats
← Tajirax

Arabia

512358317Analyzed
3v3 RM · 9d ago on Oct 9, 2026· 18m 37s· 6 players
Game mode
Random Map
Map size
Normal (6 player)
Population
200
Speed
Normal
Resources
Standard
Victory
Conquest
Starting age
Dark Age
Ending age
Imperial Age
RankedLock teamsTeams togetherTeam positionsShared explorationLock speedFull tech treeHidden civsTurbo modeCheats
Victory
Defeat
1334
+12
🇨🇳 Mongols · China
1267
+15
🇨🇳 Magyars · China
1219
+16
vs
🇳🇱 Ethiopians · Netherlands
1283
-16
🇦🇷 Turks · Argentina
1225
-14
🇦🇱 Varangians · Albania
1207
-13
Ranger-Lee
6:28 Loom
9:32 Feudal Age
11:17 Double-Bit Axe
18:39 Castle Age
16:48 Horse Collar
肩扛大明两京一十三省
6:34 Loom
8:43 Feudal Age
9:37 Double-Bit Axe
10:41 Wheelbarrow
16:17 Fletching
ROCK
8:30 Feudal Age
8:41 Man-at-Arms
9:24 Loom
12:16 Fletching
14:00 Double-Bit Axe
16:13 Padded Archer Armor
insaneBestar
8:11 Loom
10:02 Feudal Age
16:20 Castle Age
17:15 Scale Mail Armor
17:25 Forging
Rene
8:48 Feudal Age
8:18 Loom
14:16 Fletching
Tajirax
10:02 Feudal Age
10:42 Double-Bit Axe
11:46 Loom
17:55 Horse Collar
21:01 Castle Age
Connection lost

Rejoining the realm…

Still unreachable

The connection could not be restored.

Session expired

The server has moved on; the page needs a fresh start.